 Dungeon Crawl Stone Soup version 0.31-a0-188-g5e087ee2ca (webtiles) character file.

Game seed: 665017370889133825

419 qw the Skirmisher (level 6, -1/36 HPs)
             Began as a Deep Elf Hunter on June 23, 2023.
             Slain by a white imp (5 damage)
             ... summoned by Eustachio
             ... on level 4 of the Dungeon.
             The game lasted 00:01:16 (2636 turns).

qw the Skirmisher (Deep Elf Hunter)                 Turns: 2636, Time: 00:01:17

Health: -1/36      AC:  2    Str: 12 (13) XL:     6   Next: 62%
Magic:  8/8        EV: 16    Int: 11 (12) God:
Gold:   145        SH:  0    Dex: 19 (21) Spells: 5/5 levels left

rFire   . . .        Y - +1 shortbow
rCold   . . .        (shield currently unavailable)
rNeg    . . .        d - +0 ring mail
rPois   .            (no helmet)
rElec   .            (no cloak)
rCorr   .            (no gloves)
SInv    .            (no boots)
Will    .....        (no amulet)
Stlth   +            o - +5 ring of evasion
HPRegen 0.26/turn    (no ring)
MPRegen 0.11/turn

%: no passive effects
@: no status effects
A: agile 1, deformed body, deterioration 1, strong 1
a: no special abilities


You were on level 4 of the Dungeon.
You visited 1 branch of the dungeon, and saw 4 of its levels.

You collected 145 gold pieces.


Innate Abilities, Weirdness & Mutations

You are agile. (Dex +4, Str/Int -1)
Armour fits poorly on your strangely shaped body.
Your body sometimes deteriorates upon taking damage.
Your muscles are strong. (Str +4, Int/Dex -1)


   Skills:
 - Level 2.7 Fighting
 + Level 9.6 Ranged Weapons
 - Level 3.1 Dodging
 - Level 1.2 Stealth


You had 5 spell levels left.
You didn't know any spells.
Your spell library was empty.

Inventory:

Hand Weapons
 Y - a +1 shortbow (weapon)
Armour
 d - a +0 ring mail (worn)
Jewellery
 b - an amulet of regeneration
 c - a +6 ring of strength
 o - a +5 ring of evasion (left hand)
Scrolls
 m - a scroll of identify
Potions
 a - a potion of mutation
 e - 3 potions of curing
 i - a potion of attraction {unknown}
 j - a potion of resistance {unknown}
 k - a potion of berserk rage {unknown}
 n - a potion of lignification {unknown}

Dungeon Overview and Level Annotations

Branches:
Dungeon (4/15)
 Temple: D:4-7

Altars:
Elyvilon
Sif Muna
Trog
The Shining One

Annotations:
D:4 Eustachio


Message History

Eustachio completely misses you.
You shoot an arrow.
The arrow hits Eustachio but does no damage.
Eustachio is severely wounded.
Eustachio gestures wildly while chanting.
You shoot an arrow.
The arrow hits Eustachio but does no damage.
Eustachio is severely wounded.
Eustachio hits you with a +0 rapier of holy wrath!
Your body deteriorates!
You feel weakened.
You shoot an arrow.
The arrow hits Eustachio but does no damage.
Eustachio is severely wounded.
The quasit misses you. The quasit closely misses you.
The quasit claws you but does no damage.
Eustachio barely misses you. The white imp closely misses you.
You shoot an arrow. The arrow hits Eustachio!
Eustachio is almost dead.
The quasit completely misses you. The quasit claws you.
The quasit closely misses you. Eustachio closely misses you.
The white imp hits you. The white imp freezes you.
You shoot an arrow. The arrow barely misses Eustachio.
The arrow hits the iron imp.
The iron imp is lightly wounded.
The quasit completely misses you. The quasit misses you. x2
Eustachio casts a spell.
Eustachio blinks!
The quasit misses you. The quasit claws you.
The quasit claws you but does no damage.
The white imp gestures at you. The puff of frost hits you.
You shoot an arrow. The arrow barely misses the iron imp.
The quasit bites you but does no damage.
The quasit claws you.
You feel clumsy. The quasit barely misses you.
Eustachio casts a spell.
Eustachio blinks!
The iron imp hits you!
Your body deteriorates!
You feel clumsy. The white imp hits you. The white imp freezes you.
You die...

#.# # #.# .# #. #.#
#.### ##.######.# #....
#..@......######## #....
ยค................#
#....
.................###....
......55...........#....
......5@................
.....####.########.#.###
... #............# #
####.......#####
#............
#.......#....
#########.... #....
#....


You could see Eustachio, an iron imp (summoned), a quasit (summoned) and a white
imp (summoned).

Vanquished Creatures
  Sigmund (D:2)
  A black bear (D:3)
  A hound (D:4)
  An orc wizard (D:4)
  3 adders
  2 ufetubi (D:4)
  A dart slug (D:1)
  5 orcs (D:4)
  7 bats
  4 endoplasms
  A giant cockroach (D:1)
  12 goblins
  10 hobgoblins
  6 jackals
  6 quokkas
  5 ball pythons
  6 frilled lizards
  7 kobolds
  4 rats
83 creatures vanquished.

Vanquished Creatures (others)
  A dart slug (D:4)
  An endoplasm (D:4)
2 creatures vanquished.

Grand Total: 85 creatures vanquished

Notes
Turn   | Place    | Note
-------+----------+-------------------------------------------
     0 | D:1      | qw the Deep Elf Hunter began the quest for the Orb.
     0 | D:1      | Reached XP level 1. HP: 12/12 MP: 3/3
     0 | D:1      | 0 ||| qw: Version: 0.3-a-9-g12657ce
     0 | D:1      | 0 ||| qw: Game counter: 3929
     0 | D:1      | 0 ||| qw: Always use a shield: true
     0 | D:1      | 0 ||| qw: God list: Okawaru
     0 | D:1      | 0 ||| qw: Allow faded altars: false
     0 | D:1      | 0 ||| qw: Do Orc after D:15 true
     0 | D:1      | 0 ||| qw: Do second Lair branch before Depths: true
     0 | D:1      | 0 ||| qw: Lair rune preference: random
     0 | D:1      | 0 ||| qw: Plans: Normal
     0 | D:1      | 0 ||| PLANNING D:1-11
   157 | D:1      | Reached skill level 6 in Ranged Weapons
   157 | D:1      | Reached XP level 2. HP: 16/16 MP: 4/4
   169 | D:1      | 169 ||| FLEEEEING.
   291 | D:1      | Reached XP level 3. HP: 20/20 MP: 5/5
   680 | D:1      | 680 ||| READING 2 scrolls labelled USINUM FAOFIRI.
   681 | D:1      | 681 ||| READING scroll labelled HYVAOQIEWN.
   682 | D:1      | 682 ||| READING scroll labelled RYIMAS ITHRUF.
   687 | D:1      | 687 ||| DRINKING 2 bubbling brown potions.
   688 | D:1      | 688 ||| DROPPING scroll of poison.
   689 | D:1      | 689 ||| DROPPING scroll of butterflies.
   904 | D:2      | Noticed Sigmund
   911 | D:2      | Killed Sigmund
   912 | D:2      | Reached skill level 8 in Ranged Weapons
   912 | D:2      | Reached XP level 4. HP: 22/25 MP: 6/6
   912 | D:2      | Reached XP level 5. HP: 26/29 MP: 7/7
   931 | D:2      | Reached skill level 9 in Ranged Weapons
  1348 | D:2      | 1348 ||| DROPPING scarf of harm.
  1349 | D:2      | 1349 ||| READING scroll labelled JENOCI YBLUV.
  1350 | D:2      | 1350 ||| READING scroll labelled LESEMU FUWELEJ.
  1351 | D:2      | 1351 ||| READING scroll labelled CIFFESMUED.
  1352 | D:2      | 1352 ||| DRINKING 2 amethyst potions.
  1381 | D:3      | Found a faded altar of an unknown god.
  1390 | D:3      | 1390 ||| Stepping randomly (stuck).
  1519 | D:3      | Found a bloodstained altar of Trog.
  1523 | D:3      | 1523 ||| Stepping ~*~*~tactically~*~*~ (outnumbered).
  1525 | D:3      | 1525 ||| Stepping ~*~*~tactically~*~*~ (outnumbered).
  1527 | D:3      | 1527 ||| Stepping ~*~*~tactically~*~*~ (outnumbered).
  1615 | D:3      | Found a shimmering blue altar of Sif Muna.
  1626 | D:3      | Found a glowing golden altar of the Shining One.
  1734 | D:3      | Reached skill level 3 in Dodging
  1923 | D:3      | Noticed a black bear
  1930 | D:3      | Killed a black bear
  1931 | D:3      | Reached XP level 6. HP: 18/36 MP: 8/8
  2237 | D:3      | 2237 ||| UPGRADING to +0 ring mail.
  2247 | D:3      | 2247 ||| DROPPING +0 leather armour.
  2248 | D:3      | 2248 ||| UPGRADING to +5 ring of evasion.
  2249 | D:3      | 2249 ||| READING scroll labelled DIMUHU RYOVO.
  2250 | D:3      | 2250 ||| READING scroll labelled SERCHE JUPNEO.
  2251 | D:3      | 2251 ||| READING scroll labelled QARERO DETY.
  2252 | D:3      | 2252 ||| DRINKING 2 smoky grey potions.
  2252 | D:3      | Gained mutation: You are agile. (Dex +4, Str/Int -1)
                  | [potion of mutation]
  2252 | D:3      | Gained mutation: Armour fits poorly on your strangely
                  | shaped body. [potion of mutation]
  2252 | D:3      | Gained mutation: Your body sometimes deteriorates upon
                  | taking damage. [potion of mutation]
  2252 | D:3      | Gained mutation: Your muscles are strong. (Str +4, Int/Dex
                  | -1) [potion of mutation]
  2253 | D:3      | 2253 ||| READING 2 scrolls of identify.
  2253 | D:3      | 2253 ||| IDENTIFYING sedimented pink potion
  2254 | D:3      | 2254 ||| DROPPING potion of degeneration.
  2397 | D:4      | 2397 ||| FLEEEEING.
  2398 | D:4      | 2398 ||| FLEEEEING.
  2399 | D:4      | 2399 ||| FLEEEEING.
  2400 | D:4      | 2400 ||| FLEEEEING.
  2401 | D:4      | 2401 ||| FLEEEEING.
  2402 | D:4      | 2402 ||| FLEEEEING.
  2403 | D:4      | 2403 ||| FLEEEEING.
  2404 | D:4      | 2404 ||| FLEEEEING.
  2405 | D:4      | 2405 ||| FLEEEEING.
  2406 | D:4      | 2406 ||| FLEEEEING.
  2407 | D:4      | 2407 ||| FLEEEEING.
  2408 | D:4      | 2408 ||| FLEEEEING.
  2409 | D:4      | 2409 ||| FLEEEEING.
  2410 | D:4      | 2410 ||| FLEEEEING.
  2418 | D:4      | 2418 ||| FLEEEEING.
  2419 | D:4      | 2419 ||| FLEEEEING.
  2420 | D:4      | 2420 ||| FLEEEEING.
  2421 | D:4      | 2421 ||| FLEEEEING.
  2422 | D:4      | 2422 ||| FLEEEEING.
  2430 | D:4      | HP: 8/36 [orc wizard/magic dart (11)]
  2431 | D:4      | 2431 ||| READING scroll of teleportation.
  2432 | D:4      | 2432 ||| DRINKING potion of heal wounds.
  2435 | D:4      | 2435 ||| FLEEEEING.
  2481 | D:4      | Found a white marble altar of Elyvilon.
  2572 | D:4      | 2572 ||| FLEEEEING.
  2619 | D:4      | Noticed Eustachio
  2636 | D:4      | HP: 7/36 [iron imp[Eustachio] (8)]
  2636 | D:4      | Slain by a white imp

Levels and vault maps discovered:
D:1:      lightli_iron_boxes, layout_loops_ring, minmay_pentomino_q2
D:2:      layout_loops_ring, uniq_sigmund
D:3:      layout_loops_ring, trog_hazing_becter,
          amethyst_overflow_temple_binary, nicolae_ecumenical_oubliette
D:4:      layout_basic, elyvilon_altar_4, uniq_eustachio

Skill      XL: |  1  2  3  4  5 |
---------------+----------------+-----
Ranged Weapons | 6 8 9 |  9.6
Dodging        | 3 |  3.1
Fighting       | 2 |  2.7
Stealth        | |  1.2

Action                     |  1- 3 |  4- 6 || total
---------------------------+-------+-------++-------
   Fire: Shortbow          |    80 |   179 ||   259
    Use: Scroll            |     3 |     8 ||    11
         Potion            |     1 |     3 ||     4
 Armour: Leather armour    |     5 |     8 ||    13
         Ring mail         |       |     6 ||     6
  Dodge: Dodged            |     5 |    67 ||    72

Table legend:
 A = Non-vault XP
 B = Vault XP
 C = Vault XP percentage of total XP
 D = Non-vault monster count
 E = Vault monster count
 F = Vault count percentage of total count
                 A         B        C        D         E       F
            +---------+---------+-------+---------+---------+-------
      Total |     373 |     226 |  37.7 |      75 |       8 |   9.6
            +---------+---------+-------+---------+---------+-------
        D:1 |      49 |       3 |   5.8 |      28 |       2 |   6.7
        D:2 |      21 |     214 |  91.1 |      13 |       1 |   7.1
        D:3 |     165 |       9 |   5.2 |      17 |       5 |  22.7
        D:4 |     138 |       0 |   0.0 |      17 |       0 |   0.0
            +---------+---------+-------+---------+---------+-------
